 Dungeon Crawl Stone Soup version 0.30.1-4-g462c640d31 (webtiles) character file.

Game seed: 2520760136201205948

1053 spardeous the Conjurer (level 7, 0/50 HPs)
             Began as a Demigod Conjurer on Aug 30, 2023.
             Slain by an orc warrior
             ... wielding a +0 hand axe
              (8 damage)
             ... on level 6 of the Dungeon.
             The game lasted 00:04:23 (5612 turns).

spardeous the Conjurer (Demigod Conjurer)           Turns: 5612, Time: 00:04:23

Health: 0/50       AC:  8    Str: 12    XL:     7   Next: 76%
Magic:  11/19      EV: 10    Int: 24    God:
Gold:   251        SH:  0    Dex: 12    Spells: 10/17 levels left

rFire   . . .        (no weapon)
rCold   + . .        (no shield)
rNeg    . . .        p - +0 ring mail
rPois   .            t - +0 helmet
rElec   .            q - +0 cloak
rCorr   .            o - +0 pair of gloves
SInv    .            (no boots)
Will    .....        (no amulet)
Stlth   +            r - ring of protection from cold
HPRegen 0.28/turn    (no ring)
MPRegen 0.16/turn

%: no passive effects
@: no status effects
A: high MP 1, forlorn, divine attributes
a: no special abilities


You were on level 6 of the Dungeon.
You visited 1 branch of the dungeon, and saw 6 of its levels.

You collected 251 gold pieces.

Inventory:

Armour
 a - a scarf of repulsion
 o - a +0 pair of gloves (worn)
 p - a +0 ring mail (worn)
 q - a +0 cloak (worn)
 t - a +0 helmet (worn)
Jewellery
 r - a ring of protection from cold (left hand)
Wands
 x - a wand of flame (19)
 y - a wand of polymorph (12)
Scrolls
 f - a scroll of enchant weapon {unknown}
 g - 3 scrolls of identify {unknown}
 i - 2 scrolls of torment {unknown}
 j - 3 scrolls of immolation {unknown}
 k - a scroll of enchant armour {unknown}
 l - 2 scrolls of noise {unknown}
 n - 3 scrolls of amnesia {unknown}
 v - a scroll of silence {unknown}
 z - a scroll of acquirement {unknown}
 A - a scroll of brand weapon {unknown}
 B - a scroll of magic mapping {unknown}
 C - 2 scrolls of teleportation {unknown}
Potions
 c - 4 potions of might {unknown}
 d - a potion of resistance {unknown}
 e - 4 potions of brilliance {unknown}
 h - 3 potions of ambrosia {unknown}
 m - a potion of mutation {unknown}
 s - 2 potions of flight {unknown}
 u - a potion of heal wounds {unknown}
 w - a potion of degeneration {unknown}


   Skills:
 - Level 1.7 Dodging
 - Level 1.7 Stealth
 + Level 5.8 Spellcasting
 + Level 7.1 Conjurations


You had 10 spell levels left.
You knew the following spells:

 Your Spells              Type           Power      Damage    Failure   Level
a - Magic Dart            Conj           100%       1d8       1%          1
b - Searing Ray           Conj           82%        2d7       1%          2
c - Iskenderun's Mystic   Conj/Tloc      24%        2d7       38%         4

Your spell library contained the following spells:

 Spells                   Type           Power      Damage    Failure   Level
 Foxfire                  Conj/Fire      96%        2x1d8     4%          1
 Dazzling Flash           Conj/Hex       48%        N/A       13%         3
 Iskenderun's Battlesphe  Conj           41%        2d9       26%         5
 Fulminant Prism          Conj/Hex       12%        3d8       38%         4
 Fireball                 Conj/Fire      12%        3d7       75%         5
 Iron Shot                Conj/Erth      12%        9d3       100%        6
 Plasma Beam              Fire/Air       3%         2x1d15    100%        6
 Starburst                Conj/Fire      12%        6d5       100%        6
 Spellforged Servitor     Conj/Summ      12%        N/A       100%        7


Dungeon Overview and Level Annotations

Branches:
Dungeon (6/15)             Temple (0/1) D:5

Shops:
D:5 :

Annotations:
D:5 1 runed translucent door, Crazy Yiuf
D:6 Maggie, Pikel


Innate Abilities, Weirdness & Mutations

You have an increased reservoir of magic. (+10% MP)
You shall have no god before yourself.
Your divine heritage dramatically boosts your attributes as you level up.


Message History

The searing ray hits the orc but does no damage.
The orc is heavily wounded.
The orc hits you but does no damage.
The orc warrior hits you with a +0 hand axe.
* * * LOW HITPOINT WARNING * * *
You take 3 damage, and have 22/50 hp.
The searing ray misses the orc warrior.
The searing ray misses the orc.
The orc barely misses you. The orc warrior closely misses you.
You now have 16/19 mp.
The searing ray hits the orc warrior.
The orc warrior is almost dead.
The searing ray hits the orc but does no damage.
The orc is heavily wounded.
You finish channelling your searing ray.
The orc hits you from afar with a +2 trident of protection.
* * * LOW HITPOINT WARNING * * *
The orc warrior hits you with a +0 hand axe.
* * * LOW HITPOINT WARNING * * *
You take 11 damage, and have 12/50 hp.
MASSIVE DAMAGE!!
You now have 15/19 mp.
Casting: Searing Ray (safe; 1% risk of failure)
Confirm with . or Enter, or press ? or * to list all spells.
Aiming: Searing Ray (safe; 1% risk of failure)
Press: ? - help, Shift-Dir - straight line, f/p - orc warrior
Aim: an orc warrior, wielding a +0 hand axe and wearing a +0 plate armour (almost dead, 82% to hit)
The searing ray hits the orc warrior but does no damage.
The orc warrior is almost dead.
The searing ray misses the orc. (Press . to maintain the ray.)
The orc hits you from afar with a +2 trident of protection.
* * * LOW HITPOINT WARNING * * *
The orc warrior barely misses you.
You take 5 damage, and have 7/50 hp.
You now have 13/19 mp.
The searing ray misses the orc warrior.
The searing ray hits the orc.
The orc is heavily wounded.
The orc misses you. The orc warrior closely misses you.
You now have 12/19 mp.
The searing ray misses the orc warrior.
The searing ray hits the orc.
You kill the orc!
The orc warrior hits you with a +0 hand axe!
You die...

# .# ..#
####...#
#.:....#
#@# #o#
#)# #<#
#..o..)#
#oo...##
#.o...
#.....
#....#


You could see an orc warrior.

Vanquished Creatures
  A water moccasin (D:4)
  2 ice beasts (D:5)
  3 ogres
  A lemure (D:6)
  A phantom (D:5)
  A bullfrog (D:6)
  A scorpion (D:6)
  2 hounds (D:5)
  An orc priest (D:6)
  A jelly (D:4)
  An orc wizard (D:6)
  An iguana (D:6)
  Robin (D:4)
  2 adders
  A gnoll (D:1)
  A shadow imp (D:5)
  2 worms (D:2)
  2 dart slugs
  2 orcs
  7 ball pythons
  6 bats
  11 endoplasms
  3 giant cockroaches
  15 goblins
  7 hobgoblins
  8 jackals
  3 quokkas
  4 frilled lizards
  8 kobolds
  4 rats
103 creatures vanquished.

Notes
Turn   | Place    | Note
-------+----------+-------------------------------------------
     0 | D:1      | spardeous the Demigod Conjurer began the quest for the Orb.
     0 | D:1      | Reached XP level 1. HP: 14/14 MP: 5/5
   281 | D:1      | Reached XP level 2. HP: 20/20 MP: 4/7
   584 | D:1      | Reached skill level 4 in Conjurations
   821 | D:1      | Reached XP level 3. HP: 26/26 MP: 6/9
   977 | D:1      | You fall into a shaft and drop 1 floor!
  2704 | D:3      | Learned a level 2 spell: Searing Ray
  2706 | D:3      | Reached XP level 4. HP: 33/33 MP: 6/11
  3124 | D:4      | Noticed an ogre
  3131 | D:4      | Killed an ogre
  3132 | D:4      | Reached skill level 5 in Conjurations
  3132 | D:4      | Reached XP level 5. HP: 16/38 MP: 3/13
  3237 | D:4      | Noticed a water moccasin
  3244 | D:4      | Killed a water moccasin
  3716 | D:4      | Reached XP level 6. HP: 45/45 MP: 11/15
  3884 | D:4      | Noticed Robin
  3911 | D:4      | Killed Robin
  4197 | D:5      | Entered Level 5 of the Dungeon
  4253 | D:5      | Learned a level 4 spell: Iskenderun's Mystic Blast
  4276 | D:5      | Found a staircase to the Ecumenical Temple.
  4382 | D:5      | Found Xogahe's Book Shoppe.
  4785 | D:5      | Reached skill level 6 in Conjurations
  4937 | D:5      | Reached skill level 5 in Spellcasting
  4937 | D:5      | Reached XP level 7. HP: 44/50 MP: 6/18
  5175 | D:5      | Found a runed translucent door.
  5176 | D:5      | Noticed Crazy Yiuf
  5501 | D:6      | Noticed Pikel
  5565 | D:6      | Noticed Maggie
  5601 | D:6      | Reached skill level 7 in Conjurations
  5612 | D:6      | Slain by an orc warrior

Illustrated notes

Levels and vault maps discovered:
D:1:      ebering_hopf_link, layout_basic, shapermc_ecumenical_altar_ellora,
          dreamdust_princess_bridge
D:2:      layout_rooms
D:3:      layout_rooms
D:4:      layout_basic, nrook_campfire, uniq_robin
D:5:      layout_loops_cross, mainiacjoe_overflow_surrounded_room, minitemple,
          minmay_temple_entry_trees, serial_shops, shop, minivault_14,
          minivault_26, uniq_crazy_yiuf_cottage
D:6:      layout_rooms, lemuel_round_altar, ebering_ghost_rock_garden,
          serial_shops, shop, nicolae_shop_window_shopping, shop,
          uniq_eustachio, uniq_prince_ribbit1, uniq_maggie, uniq_blork_the_orc,
          uniq_pikel, uniq_sigmund

Skill      XL: |  1  2  3  4  5  6  7 |
---------------+----------------------+-----
Spellcasting   | 2 3 4 5 |  5.8
Conjurations   | 4 5 6 7 |  7.1
Dodging        | |  1.7
Stealth        | |  1.7

Action                     |  1- 3 |  4- 6 |  7- 9 || total
---------------------------+-------+-------+-------++-------
  Melee: Unarmed           |     4 |    12 |       ||    16
   Cast: Magic Dart        |   113 |    71 |     6 ||   190
         Searing Ray       |       |    13 |    10 ||    23
    Use: Potion            |       |       |     1 ||     1
 Armour: Robe              |     2 |       |       ||     2
         Ring mail         |     1 |    31 |     1 ||    33
  Dodge: Dodged            |    12 |    28 |    15 ||    55
